[Event "10th Cesme Open-A 2024"]
[Site "Cesme"]
[Date "2024.06.27"]
[Round "5"]
[White "Karaoglan, Kivanc"]
[Black "Gholami, Aryan"]
[Result "0-1"]
[ECO "B31"]
[WhiteElo "2274"]
[BlackElo "2481"]
[Annotator "TA"]
[PlyCount "80"]
[EventDate "2024.06.23"]
[EventType "swiss"]
[EventCountry "TUR"]
[SourceTitle "playchess.com"]
[Source "ChessBase"]
[SourceQuality "1"]
[TimeControl "5400+30"]

1. e4 c5 2. Nf3 Nc6 3. Bb5 g6 4. Bxc6 dxc6 5. d3 Bg7 6. h3 Nf6 7. Nc3 O-O 8. O-O Nd7 9. Be3 e5 10. Qd2 Re8 11. Bh6 Nf8 12. Nh2 Ne6 {[%emt 0:08:30] The position is equal.} 13. Ne2 Bh8 14. Rae1 Qh4 {[%emt 0:06:30] Strongly threatening ...g5.} 15. Be3 Qe7 16. f4 exf4 17. Nxf4 Nxf4 18. Bxf4 Be6 19. b3 a5 20. e5 (20. Bg5 {seems wilder.} Bc3 21. Qxc3 Qxg5 22. Nf3) 20... Qd7 21. Bg5 Bf5 ({Much weaker is} 21... Qd4+ 22. Rf2 $11) 22. g4 Be6 23. Bf6 Bg7 {[%emt 0:03:30] Dodges Qh6} 24. Rf4 a4 25. Ref1 ({Reject} 25. bxa4 c4 26. Bxg7 Kxg7 $15) (25. Qf2 $142) 25... axb3 26. axb3 Ra2 27. Qc3 ({White should try} 27. Bxg7 $1 $11 Kxg7 28. Qc3) 27... Bf8 $15 28. Nf3 {[%emt 0:01:16] [#]} b5 $1 29. Ng5 {[%emt 0:02:16] [#]} h6 (29... b4 $1 $17 30. Qd2 Bxb3) 30. Nxe6 $11 Qxe6 31. h4 Rea8 32. h5 g5 33. Re4 R8a7 34. Bxg5 $2 hxg5 $19 35. Rf6 Qe7 36. Qd2 Bg7 37. Qxg5 (37. Rxc6 Bxe5 38. Qe2) 37... Rxc2 38. Re1 {[%emt 0:03:52] Wards off Ra1} Qd8 39. h6 Qd4+ 40. Kf1 Qxd3+ {[%emt 0:00:09] Weighted Error Value: White=0.84/Black=0.10 (very precise) .  Loses game:     	White=1     	---        Mistake:       	White=3     	Black=1      Inaccurate:     	White=4     	Black=3      OK:         	White=5     	Black=14     Best:        	White=1     	Black=1      Strong:       	---       	Black=1} 0-1

[Event "10th Cesme Open-A 2024"]
[Site "Cesme"]
[Date "2024.06.27"]
[Round "5"]
[White "Cilek, Bora"]
[Black "Samani, Yamac"]
[Result "1/2-1/2"]
[ECO "A22"]
[WhiteElo "2242"]
[BlackElo "2360"]
[Annotator "RC"]
[PlyCount "65"]
[EventDate "2024.06.23"]
[EventType "swiss"]
[EventCountry "TUR"]
[SourceTitle "playchess.com"]
[Source "ChessBase"]
[SourceQuality "1"]
[TimeControl "5400+30"]

1. c4 e5 2. g3 Nf6 3. Bg2 d5 4. cxd5 Nxd5 5. Nc3 Nf6 6. Nf3 Bd6 7. O-O O-O 8. d4 Nc6 9. d5 Nb8 10. Qc2 Nbd7 11. Nh4 a6 12. a4 Rb8 13. a5 Re8 14. Nf5 Nc5 15. Nxd6 cxd6 16. b4 Ncd7 17. h3 b5 18. e4 Bb7 19. Be3 Rc8 20. Rfc1 Qe7 21. Qb2 Rc7 22. Ne2 Rec8 23. Rxc7 Rxc7 24. Rc1 Qd8 25. Rxc7 Qxc7 26. Qc1 Qxc1+ 27. Nxc1 Kf8 28. Nd3 Ne8 29. f4 f6 30. Kf2 Ke7 31. h4 g6 32. fxe5 fxe5 33. Bg5+ 1/2-1/2

[Event "10th Cesme Open-A 2024"]
[Site "Cesme"]
[Date "2024.06.27"]
[Round "5"]
[White "Bolat, Inayat"]
[Black "Schekachikhin, Maksim"]
[Result "0-1"]
[ECO "C47"]
[WhiteElo "2232"]
[BlackElo "2343"]
[Annotator "RC"]
[PlyCount "66"]
[EventDate "2024.06.23"]
[EventType "swiss"]
[EventCountry "TUR"]
[SourceTitle "playchess.com"]
[Source "ChessBase"]
[SourceQuality "1"]
[TimeControl "5400+30"]

1. e4 e5 2. Nf3 Nc6 3. Nc3 Nf6 4. Be2 d5 5. exd5 Nxd5 6. O-O Nxc3 7. bxc3 Bd6 8. d4 O-O 9. Rb1 h6 10. Re1 Qf6 11. h3 Rd8 12. Bb5 Bf5 13. Bxc6 bxc6 14. Qe2 exd4 15. cxd4 Be6 16. a4 Re8 17. Be3 Qg6 18. Kh1 Bd5 19. c4 Be4 20. Rb3 Bxf3 21. Qxf3 Qc2 22. Rbb1 Qxc4 23. Rec1 Qxa4 24. Rxc6 a5 25. Rbc1 Rab8 26. g4 Qb5 27. Rg1 Qd3 28. Rcc1 Rb2 29. Rgd1 Qb3 30. h4 Rxf2 31. Qxf2 Rxe3 32. d5 Rh3+ 33. Kg1 Bc5 0-1

[Event "10th Cesme Open-A 2024"]
[Site "Cesme"]
[Date "2024.06.27"]
[Round "5"]
[White "Ozdemir, Serhan Berat"]
[Black "Uysal, Ugur"]
[Result "1/2-1/2"]
[ECO "B43"]
[WhiteElo "2225"]
[BlackElo "2058"]
[Annotator "RC"]
[PlyCount "170"]
[EventDate "2024.06.23"]
[EventType "swiss"]
[EventCountry "TUR"]
[SourceTitle "playchess.com"]
[Source "ChessBase"]
[SourceQuality "1"]
[TimeControl "5400+30"]

1. e4 c5 2. Nf3 e6 3. d4 cxd4 4. Nxd4 a6 5. Nc3 Qc7 6. Be3 Nf6 7. a3 b6 8. g4 h5 9. gxh5 Rxh5 10. Nb3 Bb7 11. Qd4 Bc5 12. Nxc5 bxc5 13. Qc4 Nc6 14. O-O-O Na5 15. Qe2 Rxh2 16. Rxh2 Qxh2 17. Bxc5 Rc8 18. Qe3 Qh6 19. Qxh6 gxh6 20. b4 Nxe4 21. Nxe4 Bxe4 22. Bxa6 Ra8 23. Bb5 Nc6 24. Rg1 Ne7 25. Kb2 Ng6 26. Be2 Kd8 27. Bd6 Kc8 28. f3 Bf5 29. Rh1 Kb7 30. Rxh6 Kc6 31. Bg3 Ne7 32. b5+ Kb7 33. Bd6 Nc8 34. Bb4 d5 35. Rf6 Bg6 36. Bd3 Bxd3 37. cxd3 Kb6 38. Rxf7 Kxb5 39. Rf6 Ra6 40. Kb3 Na7 41. Rf7 Nc6 42. Bc3 Kc5 43. Rf4 e5 44. Rf7 Nd4+ 45. Kb2 Nb5 46. Bb4+ Kd4 47. Rd7 Ra7 48. Rd8 Rb7 49. Kc2 Ra7 50. Kb3 Rb7 51. Kc2 Ra7 52. Kb2 Rf7 53. a4 Na7 54. Bc3+ Kxd3 55. Rxd5+ Kc4 56. Rxe5 Rxf3 57. Re4+ Kd5 58. Rh4 Nc6 59. Kb3 Na5+ 60. Kc2 Nc6 61. Kb2 Kc5 62. Rh6 Rg3 63. Rh7 Kc4 64. Rc7 Rg2+ 65. Ka3 Rg6 66. Bb2 Rg3+ 67. Ka2 Rg6 68. Ba3 Rg2+ 69. Kb1 Kb3 70. Rxc6 Kxa3 71. a5 Rg5 72. a6 Ra5 73. Rb6 Ra4 74. Kc2 Rc4+ 75. Kd3 Rc8 76. a7 Ra8 77. Rb1 Ka4 78. Kc4 Ka5 79. Kc5 Ka6 80. Kc6 Rc8+ 81. Kd7 Rh8 82. Kc7 Rh7+ 83. Kb8 Rh8+ 84. Kc7 Rh7+ 85. Kc6 Rh6+ 1/2-1/2

[Event "10th Cesme Open-A 2024"]
[Site "Cesme"]
[Date "2024.06.27"]
[Round "5"]
[White "Ozen, Metehan"]
[Black "Nazarian, Arash"]
[Result "1/2-1/2"]
[ECO "C02"]
[WhiteElo "2160"]
[BlackElo "2007"]
[Annotator "RC"]
[PlyCount "82"]
[EventDate "2024.06.23"]
[EventType "swiss"]
[EventCountry "TUR"]
[SourceTitle "playchess.com"]
[Source "ChessBase"]
[SourceQuality "1"]
[TimeControl "5400+30"]

1. e4 e6 2. d4 d5 3. e5 c5 4. c3 Nc6 5. Nf3 Qb6 6. a3 Nh6 7. b4 cxd4 8. cxd4 Nf5 9. Bb2 Bd7 10. g4 Nfe7 11. Nc3 Ng6 12. Na4 Qd8 13. Rc1 a6 14. Nc5 Bxc5 15. Rxc5 O-O 16. h4 f6 17. h5 Nf4 18. h6 g5 19. Qd2 Be8 20. Bd3 fxe5 21. Nxe5 Nxe5 22. dxe5 Nxd3+ 23. Qxd3 Bg6 24. Qc3 Rf4 25. f3 Qf8 26. Rh3 d4 27. Qb3 Qe7 28. Bc1 Rf7 29. Qc4 d3 30. Bd2 Raf8 31. Qc1 b6 32. Rc6 Qd7 33. Qc4 b5 34. Qc5 Be4 35. Rd6 Qb7 36. Qe3 Bxf3 37. Qxg5+ Kh8 38. Rd8 Bg2 39. Rxf8+ Rxf8 40. Qg7+ Qxg7 41. hxg7+ Kxg7 1/2-1/2

[Event "10th Cesme Open-A 2024"]
[Site "Cesme"]
[Date "2024.06.27"]
[Round "5"]
[White "Maruflu, Enes Yusuf"]
[Black "Demirbas, Emre"]
[Result "1/2-1/2"]
[ECO "B45"]
[WhiteElo "2141"]
[BlackElo "2012"]
[Annotator "RC"]
[PlyCount "61"]
[EventDate "2024.06.23"]
[EventType "swiss"]
[EventCountry "TUR"]
[SourceTitle "playchess.com"]
[Source "ChessBase"]
[SourceQuality "1"]
[TimeControl "5400+30"]

1. e4 c5 2. Nf3 e6 3. d4 cxd4 4. Nxd4 Nf6 5. Nc3 Nc6 6. Nxc6 bxc6 7. e5 Nd5 8. Ne4 Bb7 9. Be2 c5 10. O-O Qc7 11. Nd6+ Bxd6 12. exd6 Qc6 13. f3 c4 14. Qd4 O-O 15. Bxc4 Rfc8 16. b3 Qxd6 17. Rd1 Qb6 18. Qxb6 axb6 19. a4 Nb4 20. Rxd7 Nxc2 21. Rb1 Bc6 22. Rd2 Ne3 23. Bd3 Nd5 24. Bb2 Rd8 25. Rbd1 Rdb8 26. Rc1 Nb4 27. Bb1 Bd5 28. Ba3 Rc8 29. Rxc8+ Rxc8 30. Be4 f5 31. Bxb4 1/2-1/2

[Event "10th Cesme Open-A 2024"]
[Site "Cesme"]
[Date "2024.06.27"]
[Round "5"]
[White "Kavri, Yusuf Eren"]
[Black "Ceyhan, Mert"]
[Result "1-0"]
[ECO "D50"]
[WhiteElo "2059"]
[BlackElo "2018"]
[Annotator "RC"]
[PlyCount "155"]
[EventDate "2024.06.23"]
[EventType "swiss"]
[EventCountry "TUR"]
[SourceTitle "playchess.com"]
[Source "ChessBase"]
[SourceQuality "1"]
[TimeControl "5400+30"]

1. d4 d5 2. c4 e6 3. Nc3 Nf6 4. Bg5 dxc4 5. e3 c5 6. Bxc4 a6 7. a4 cxd4 8. exd4 Be7 9. Nf3 O-O 10. Qe2 Nc6 11. Rd1 Nd5 12. Bxe7 Ncxe7 13. O-O b6 14. Ne5 Bb7 15. Ne4 Nf5 16. g3 Qe8 17. a5 f6 18. Nf3 Qg6 19. Bxd5 Bxd5 20. Nc3 Bb3 21. Rc1 b5 22. Nd2 Nxd4 23. Qe3 Nc2 24. Qe2 Nd4 25. Qe3 Rfd8 26. Nxb5 axb5 27. Nxb3 Nxb3 28. Qxb3 Qf5 29. Rfe1 Qd5 30. Qxd5 Rxd5 31. Rxe6 Kf7 32. Rb6 Rxa5 33. Rc7+ Kg6 34. Rbb7 Rd2 35. Rxg7+ Kf5 36. Rxh7 Rxb2 37. Rh4 Kg5 38. Rf4 Ra6 39. Rb8 Kg6 40. h4 Re6 41. Kg2 Kg7 42. Rg4+ Kh7 43. Rb7+ Kh6 44. Rf4 Kg6 45. Kh3 f5 46. Rb8 Rf6 47. Kg2 Rb1 48. Rf3 Rb2 49. Rd3 f4 50. g4 Rb1 51. Rg8+ Kf7 52. Rb8 Kg6 53. Rf3 b4 54. h5+ Kg7 55. Rb5 Rf7 56. Rb6 Kh7 57. h6 b3 58. Rbxb3 Rxb3 59. Rxb3 Kxh6 60. Kf3 Kg5 61. Rb5+ Kg6 62. Ke4 f3 63. Rf5 Ra7 64. Kxf3 Ra4 65. Kg3 Ra3+ 66. f3 Ra1 67. Rb5 Ra2 68. Rb6+ Kg7 69. g5 Ra4 70. f4 Ra1 71. Kg4 Ra2 72. Rb7+ Kg8 73. f5 Ra5 74. f6 Ra8 75. Kh5 Rf8 76. Kg6 Ra8 77. Rg7+ Kh8 78. Rh7+ 1-0

[Event "10th Cesme Open-A 2024"]
[Site "Cesme"]
[Date "2024.06.27"]
[Round "5"]
[White "Yildiz, Serdar Murat"]
[Black "Annaberdiyev, Meylis"]
[Result "0-1"]
[ECO "B41"]
[WhiteElo "2026"]
[BlackElo "2467"]
[Annotator "TA"]
[PlyCount "94"]
[EventDate "2024.06.23"]
[EventType "swiss"]
[EventCountry "TUR"]
[SourceTitle "playchess.com"]
[Source "ChessBase"]
[SourceQuality "1"]
[TimeControl "5400+30"]

1. e4 c5 2. Nf3 e6 3. d4 cxd4 4. Nxd4 a6 5. c4 Qc7 6. Nc3 Nf6 7. a3 b6 8. Be3 Bb7 9. f3 Nc6 10. Rc1 Nxd4 {[%emt 0:01:30] White is slightly better.} 11. Bxd4 Bd6 12. g3 Bc5 13. b4 Bxd4 14. Qxd4 O-O 15. Bd3 d6 16. O-O Rac8 17. Rfd1 Rfd8 18. Na4 Nd7 19. Be2 Qc6 (19... Bc6 $14 20. Nc3 Nf8) 20. b5 $1 $18 axb5 21. cxb5 Qxc1 22. Rxc1 Rxc1+ 23. Kf2 Nc5 24. Nxb6 e5 (24... Rc2 $142 25. a4 g6) 25. Qb2 Rh1 {[%emt 0:00:00][%cal Oc5d3] White must now prevent ...Nd3+!} 26. Kg2 Re1 27. a4 f5 28. exf5 e4 {[%emt 0:00:30][%cal Oe1e2] Threatens to win with ...Rxe2+!} 29. fxe4 Bxe4+ 30. Bf3 {[%emt 0:00:15] Bxe4 is the strong threat.} Re8 (30... Bxf5 $142 31. Qd2 Rb1) 31. Bxe4 R1xe4 32. Kh3 (32. Qa2+ $142 Kh8 33. Kh3) 32... Re2 33. Qc1 Ne4 {[%emt 0:01:30] aiming for ...Nf2+.} 34. Kg4 $2 (34. Qc4+ Kh8 $11) (34. Nd7 $1 $18 {Hoping for b6.} Rd2 35. f6) 34... h5+ ({Better is} 34... Rxh2 $11 35. Qc6 (35. Qc4+ Kh8 $11) 35... h5+ 36. Kf4 Nf6) 35. Kh3 $2 (35. Kxh5 $14 {was the only good move.} Rxh2+ 36. Kg4 Nf6+ 37. Kf3) 35... Kh7 $1 $19 {[%emt 0:03:30] Strongly threatening ...g5.} 36. Nd5 {[%emt 0:00:43] [#]} (36. Nd7 $142 g5 37. Nf6+ (37. fxg6+ Kxg6 38. g4 Ng5+ 39. Kh4 R8e3 $19) 37... Kh6 (37... Nxf6 38. Qxg5 Rf8 39. b6 $11) 38. Nxe8 (38. Nxe4 $2 R8xe4 39. b6 Rxa4 $19) 38... Nf2+ 39. Kg2 Nd3+ 40. Kf1 Nxc1 41. Nxd6) 36... Rd2 $1 37. g4 $2 (37. Nc7 Ng5+ 38. Kh4 Nf3+ 39. Kxh5 Rxh2+ 40. Kg4) 37... hxg4+ 38. Kxg4 Rxd5 39. Qb1 {[%emt 0:01:03] Dodges Rd3} Rd4 (39... Nd2 $142 40. Qc2 Rd4+ 41. Kg3 Re2) 40. f6 Kh6 {[%emt 0:03:22] ( -> ...Nc3+)} 41. f7 Nd2+ 42. Kg3 Re3+ (42... Nxb1 $2 43. fxe8=Q (43. fxe8=R $2 Rxa4 44. Rd8 Nc3 $19) 43... Kh7 44. b6 $18) 43. Kf2 Rf3+ (43... Nxb1 $2 44. Kxe3 (44. f8=R $2 Rb3 $19) (44. f8=Q $2 Ree4 $19) 44... Rxa4 45. f8=Q $18 (45. f8=R $2 Nc3 $19)) 44. Ke2 {[%emt 0:00:38] [#]} Rxf7 $1 ({Worse is} 44... Nxb1 45. Kxf3 Nd2+ (45... Rxa4 $2 {too greedy.} 46. f8=Q $18) (45... Rd1 $2 46. Kg2 $18) 46. Ke3 Re4+ (46... Rxa4 $2 47. f8=Q $18) 47. Kxd2 $11) 45. Qc1 Re7+ 46. Kf2 Rf4+ 47. Kg2 Re2+ {[%emt 0:00:11] Weighted Error Value: White=1.01/Black=0.34.  Loses game:     	White=1     	---        Missed win:     	White=1     	---        Mistake:       	White=3     	Black=4      Inaccurate:     	White=1     	---        OK:         	White=8     	Black=8      Best:        	White=5     	Black=3      Strong:       	White=1     	Black=2} 0-1

[Event "10th Cesme Open-A 2024"]
[Site "Cesme"]
[Date "2024.06.27"]
[Round "5"]
[White "Pereverzev, Timofei"]
[Black "Kamer, Kayra"]
[Result "0-1"]
[ECO "B29"]
[WhiteElo "2019"]
[BlackElo "2316"]
[Annotator "RC"]
[PlyCount "32"]
[EventDate "2024.06.23"]
[EventType "swiss"]
[EventCountry "TUR"]
[SourceTitle "playchess.com"]
[Source "ChessBase"]
[SourceQuality "1"]
[TimeControl "5400+30"]

1. e4 c5 2. Nf3 Nf6 3. e5 Nd5 4. Nc3 e6 5. Nxd5 exd5 6. d4 Nc6 7. dxc5 Bxc5 8. Qxd5 Qb6 9. Bc4 Bxf2+ 10. Ke2 O-O 11. Rf1 Bc5 12. Ng5 Nd4+ 13. Kd1 Ne6 14. Ne4 d6 15. Bd3 dxe5 16. Qxe5 Bd4 0-1

[Event "10th Cesme Open-A 2024"]
[Site "Cesme"]
[Date "2024.06.27"]
[Round "5"]
[White "Emir, Emirhan"]
[Black "Anacak, Hasan Gunes"]
[Result "1/2-1/2"]
[ECO "A09"]
[WhiteElo "2006"]
[BlackElo "2095"]
[Annotator "RC"]
[PlyCount "61"]
[EventDate "2024.06.23"]
[EventType "swiss"]
[EventCountry "TUR"]
[SourceTitle "playchess.com"]
[Source "ChessBase"]
[SourceQuality "1"]
[TimeControl "5400+30"]

1. Nf3 d5 2. g3 g6 3. c4 dxc4 4. Na3 Bg7 5. Nxc4 Nc6 6. d3 e5 7. Bd2 Nge7 8. Bg2 O-O 9. b4 Be6 10. Rc1 a6 11. O-O h6 12. a4 Bd5 13. Ne3 Be6 14. Rc5 Nd4 15. Nc4 b6 16. Rxe5 Bxc4 17. Rxe7 Bb3 18. Qb1 Bd5 19. Re3 Nf5 20. Re4 Bxe4 21. dxe4 Nd4 22. Nxd4 Qxd4 23. Be3 Qc4 24. Rc1 Qxe2 25. Bf1 Qh5 26. Rxc7 Rad8 27. Rc1 Bd4 28. Qb3 Qf3 29. Bg2 Qe2 30. Bf1 Qf3 31. Bg2 1/2-1/2

[Event "10th Cesme Open-A 2024"]
[Site "Cesme"]
[Date "2024.06.27"]
[Round "5"]
[White "Danaci, Ege"]
[Black "Demirtas, Alper"]
[Result "0-1"]
[ECO "A28"]
[WhiteElo "2005"]
[BlackElo "2057"]
[Annotator "RC"]
[PlyCount "104"]
[EventDate "2024.06.23"]
[EventType "swiss"]
[EventCountry "TUR"]
[SourceTitle "playchess.com"]
[Source "ChessBase"]
[SourceQuality "1"]
[TimeControl "5400+30"]

1. c4 e5 2. Nc3 Nc6 3. e3 Nf6 4. Nf3 Be7 5. a3 a5 6. Qc2 O-O 7. Nd5 d6 8. b3 h6 9. h4 Nb8 10. Bb2 c6 11. Nxf6+ Bxf6 12. Bd3 Na6 13. O-O-O Nc5 14. Bh7+ Kh8 15. Bf5 Bxf5 16. Qxf5 g6 17. Qc2 e4 18. Nd4 Nd3+ 19. Kb1 Nxb2 20. Kxb2 c5 21. Qxe4 cxd4 22. h5 g5 23. Ka2 a4 24. b4 Qc8 25. d3 dxe3 26. fxe3 Qe6 27. Qxe6 fxe6 28. g4 Bc3 29. Rh2 Bg7 30. Re2 Rac8 31. Rg1 Rf3 32. Kb1 Rcf8 33. Kc2 Rf2 34. Rg2 Rxg2 35. Rxg2 Rf3 36. Re2 Rg3 37. d4 Rxg4 38. Rf2 Kg8 39. Kd3 Rg1 40. c5 dxc5 41. bxc5 Rb1 42. Ke4 Rb3 43. Rc2 Rxa3 44. Rc4 g4 45. Rb4 Rb3 46. Rxa4 Bf6 47. Ra8+ Kf7 48. Rb8 Bg5 49. d5 exd5+ 50. Kf5 Rb5 51. Rc8 g3 52. Rc7+ Be7 0-1